 Dungeon Crawl Stone Soup version 0.26-a0-639-g72c4674329 (webtiles) character file.

Game seed: 2630875017497271827

2938 Borgoz the Fighter (level 9, -1/60 HPs)
             Began as a Gargoyle Gladiator on Sept 18, 2020.
             Was a Believer of the Shining One.
             Slain by an ogre
             ... wielding a +0 giant club
              (14 damage)
             ... on level 9 of the Dungeon.
             The game lasted 00:11:19 (8819 turns).

Borgoz the Fighter (Gargoyle Gladiator)             Turns: 8819, Time: 00:11:19

Health: -1/60      AC: 23    Str: 19    XL:     9   Next: 80%
Magic:  0/9        EV:  5    Int:  9    God:    the Shining One [**....]
Gold:   350        SH:  0    Dex: 13    Spells: 8/8 levels left

rFire    . . .     SeeInvis .   B - +2 morningstar (holy)
rCold    + . .     Faith    .   (no shield)
rNeg     + + +     Spirit   +   s - +1 chain mail {rC+}
rPois    ∞         Reflect  .   c - +1 helmet
rElec    +         Harm     .   i - +0 cloak
rCorr    +         Rampage  .   (no gloves)
MR       .....                  h - +0 pair of boots
Stlth    ..........             b - amulet of guardian spirit
HPRegen  0.20/turn              m - ring of positive energy
MPRegen  0.11/turn              u - ring of resist corrosion

@: marked, held, glowing
A: negative energy resistance 1, electricity resistance, unbreathing,
petrification resistance, rot immunity, AC +6
a: Divine Shield, Renounce Religion


You were on level 9 of the Dungeon.
You worshipped the Shining One.
The Shining One was pleased with you.
You visited 2 branches of the dungeon, and saw 10 of its levels.

You collected 485 gold pieces.
You spent 135 gold pieces at shops.

Inventory:

Hand Weapons
 B - a +2 morningstar of holy wrath (weapon)
Missiles
 d - a throwing net (quivered)
Armour
 c - a +1 helmet (worn)
 h - a +0 pair of boots (worn)
 i - a +0 cloak (worn)
 s - a +1 chain mail of cold resistance (worn)
Jewellery
 b - an amulet of guardian spirit (around neck)
 m - a ring of positive energy (left hand)
 u - a ring of resist corrosion (right hand)
Wands
 a - a wand of enslavement (12)
 f - a wand of iceblast (12)
 k - a wand of acid (6)
 t - a wand of disintegration (19)
 D - a wand of paralysis (10)
Scrolls
 e - 2 scrolls of amnesia
 g - 2 scrolls of enchant weapon {unknown}
 o - 2 scrolls of enchant armour
 q - 3 scrolls of remove curse
 r - 2 scrolls of immolation
 v - a scroll of holy word {unknown}
 w - a scroll of teleportation
 x - a scroll of magic mapping {unknown}
 y - 2 scrolls of fog {unknown}
 A - 2 scrolls of fear {unknown}
 C - a scroll of brand weapon {unknown}
 E - a scroll of identify
Potions
 j - 3 potions of brilliance
 l - a potion of cancellation
 n - 2 potions of curing
 p - 2 potions of flight
 z - a potion of resistance


   Skills:
 + Level 8.6 Fighting
 + Level 8.3 Maces & Flails
 - Level 1.7 Throwing
 + Level 8.2 Armour
 - Level 2.5 Dodging


You had 8 spell levels left.
You didn't know any spells.
Your spell library contained the following spells:

 Spells                   Type           Power        Failure   Level
 Sandblast                Erth           #.....       98%         1
 Shock                    Conj/Air       #...         98%         1
 Passwall                 Tmut/Erth      #.......     99%         2
 Swiftness                Air            #.......     99%         2
 Static Discharge         Conj/Air       #.......     100%        3
 Stone Arrow              Conj/Erth      #.....       100%        3
 Airstrike                Air            #.........   100%        4
 Petrify                  Tmut/Erth      #.......     100%        4
 Lee's Rapid Deconstruct  Erth           #.........   100%        5
 Lightning Bolt           Conj/Air       #.........   100%        5


Dungeon Overview and Level Annotations

Branches:
Dungeon (9/15)             Temple (1/1) D:5
   Lair: D:8-11         Orc: D:9-12

Altars:
Ashenzari
Cheibriados
Dithmenos
Elyvilon
Fedhas
Gozag
Hepliaklqana
Kikubaaqudgha
Makhleb
Nemelex Xobeh
Okawaru
Ru
Sif Muna
Trog
Uskayaw
Vehumet
Wu Jian
Xom
Yredelemnul
Zin
The Shining One

Shops:
D:5 *   D:6 (

Annotations:
D:9 Harold, Joseph, Maurice


Innate Abilities, Weirdness & Mutations

You are resistant to torment.
Your stone body is resilient. (AC +6)
You are immune to poison.
You resist negative energy. (rN+)
You are resistant to electric shocks. (rElec)
You can survive without breathing.
You are immune to petrification.
You are immune to rotting.


Message History

The Shining One accepts your kill.
You start resting.
An ogre is nearby!
An ogre is nearby!
Found 6 atropa-tipped darts.
You start resting.
Harold is nearby!
Harold throws a throwing net.
The throwing net hits you.
You become entangled in the net!
Harold points at you and mumbles some strange words.
The mark upon you grows brighter.
You struggle against the net.
You struggle against the net.
The ogre hits you with a +0 giant club!!
* * * LOW HITPOINT WARNING * * *
You struggle against the net.
The ogre hits you with a +0 giant club.
* * * LOW HITPOINT WARNING * * *
You feel better.
You feel better. The ogre hits you with a +0 giant club!
You die...

########################
.....(.@O@..............
##########@.............
#..............
#..............
#.....O........
#..............
..................
..................
..................


You could see Harold, Joseph and an ogre.

Vanquished Creatures
  Maggie (D:7)
  A wyvern (D:8)
  Duvessa (D:6)
  2 water moccasins
  3 centaurs
  An ogre (D:7)
  A phantom (D:5)
  A crocodile (D:8)
  A bullfrog (D:7)
  Dowan (D:6)
  A water moccasin skeleton (D:8)
  4 scorpions
  5 wights (D:9)
  A bullfrog zombie (D:5)
  2 hounds
  A jelly (D:9)
  8 orc wizards
  A quasit (D:9)
  5 orc priests
  A bullfrog skeleton (D:7)
  3 centaur skeletons
  5 iguanas
  Jessica (D:9)
  4 worker ants
  A statue (D:5)
  5 adders
  2 shadow imps
  5 white imps
  2 ufetubi
  An ooze (D:1)
  An adder skeleton (D:4)
  3 worms (D:3)
  4 dart slugs
  5 leopard geckos
  23 orcs
  5 bats (D:1)
  3 giant cockroaches
  8 goblins
  A hobgoblin (D:1)
  6 jackals
  7 kobolds
  A quokka (D:4)
  5 ball pythons
  4 frilled lizards
  A giant cockroach zombie (D:5)
  A leopard gecko skeleton (D:4)
  5 rats
154 creatures vanquished.

Vanquished Creatures (others)
  An orc wizard (D:4)
  2 orcs (D:7)
  A plant (D:4)
4 creatures vanquished.

Grand Total: 158 creatures vanquished

Notes
Turn   | Place    | Note
-------+----------+-------------------------------------------
     0 | D:1      | Borgoz the Gargoyle Gladiator began the quest for the Orb.
     0 | D:1      | Reached XP level 1. HP: 12/12 MP: 1/1
   130 | D:1      | Reached XP level 2. HP: 16/18 MP: 2/2
   309 | D:1      | Reached skill level 1 in Armour
   617 | D:1      | Reached XP level 3. HP: 21/22 MP: 3/3
   888 | D:2      | Found an ornate altar of the Wu Jian Council.
   933 | D:2      | Reached XP level 4. HP: 23/28 MP: 4/4
  1479 | D:3      | Found a faded altar of an unknown god.
  1629 | D:3      | Found a white marble altar of Elyvilon.
  2179 | D:4      | Reached XP level 5. HP: 29/32 MP: 5/5
  2234 | D:4      | Found a bloodstained altar of Trog.
  2747 | D:4      | Reached XP level 6. HP: 24/38 MP: 6/6
  3255 | D:5      | Entered Level 5 of the Dungeon
  3298 | D:5      | Noticed a phantom
  3369 | D:5      | Killed a phantom
  3369 | D:5      | Reached skill level 5 in Maces & Flails
  3369 | D:5      | Reached XP level 7. HP: 16/44 MP: 7/7
  3687 | D:5      | Reached skill level 5 in Fighting
  3778 | D:5      | HP: 1/44 [orc priest/divine providence (11)]
  4419 | D:5      | Found a radiant altar of Vehumet.
  4541 | D:5      | Found Genaraxt's Assorted Antiques.
  4550 | D:5      | Bought a glowing granite ring for 135 gold pieces
  4563 | D:5      | Found a staircase to the Ecumenical Temple.
  4649 | Temple   | Entered the Ecumenical Temple
  4720 | Temple   | Became a worshipper of the Shining One
  4995 | D:6      | Reached skill level 5 in Armour
  5247 | D:6      | Reached XP level 8. HP: 50/51 MP: 6/8
  5556 | D:6      | Found a shimmering altar of Xom.
  5587 | D:6      | Found Momy's Antique Weapon Boutique.
  5871 | D:6      | Noticed Duvessa
  5871 | D:6      | Noticed Dowan
  5899 | D:6      | Killed Duvessa
  5914 | D:6      | Killed Dowan
  6137 | D:7      | Noticed Maggie
  6158 | D:7      | Killed Maggie
  6499 | D:7      | Reached XP level 9. HP: 41/57 MP: 6/9
  6788 | D:7      | Found an iron altar of Okawaru.
  7509 | D:8      | Reached * piety under the Shining One
  7746 | D:8      | Got a blackened chain mail
  7757 | D:8      | Identified the +4 chain mail "Vozierph" {Rampage rN+ Slay-2
                  | SInv} (You found it on level 8 of the Dungeon)
  8063 | D:8      | Found a blossoming altar of Fedhas.
  8606 | D:9      | Reached ** piety under the Shining One
  8660 | D:9      | Noticed Jessica
  8662 | D:9      | Killed Jessica
  8670 | D:9      | Found a shimmering blue altar of Sif Muna.
  8754 | D:9      | Noticed Harold
  8755 | D:9      | Noticed Maurice
  8757 | D:9      | Noticed Joseph
  8816 | D:9      | HP: 3/60 [ogre/+0 giant club (16)]
  8819 | D:9      | Slain by an ogre

Illustrated notes

Levels and vault maps discovered:
D:1:      minmay_arrival_five_plusses, layout_basic
D:2:      layout_basic, overflow_temple_1_default
D:3:      layout_basic, elyvilon_altar_5, chequers_ecumenical_altar_twisty,
          kennysheep_generic_room_14
D:4:      layout_loops_corners, bloody_trog, corexii_shack
D:5:      layout_basic, vehumet_statue, minmay_temple_entry_stoned_glass,
          serial_shops, shop
D:6:      layout_basic, lemuel_round_altar, serial_shops,
          nicolae_shop_temple_entry_statues_fountains, uniq_duvessa
D:7:      layout_layer_cave, kennysheep_mini, corexii_corridor_pit, uniq_maggie
D:8:      cheibrodos_quashed, layout_gridville, nicolae_overflow_hidden_temple,
          grunt_ministairs_4
D:9:      layout_long_grid, kennysheep_mini_moat, tgw_sif, uniq_joseph,
          uniq_harold, uniq_maurice
Temple:   cyrus_circular_temple

Skill      XL: |  1  2  3  4  5  6  7  8  9 |
---------------+----------------------------+-----
Armour         | 1 2 3 4 5 6 8 |  8.2
Fighting       | 3 4 5 7 8 |  8.6
Maces & Flails | 4 5 7 8 |  8.3
Throwing       | |  1.7
Dodging        | |  2.5

Action                   |  1- 3 |  4- 6 |  7- 9 || total
-------------------------+-------+-------+-------++-------
Melee: Flail             |    94 |   240 |   328 ||   662
       Morningstar       |       |       |    81 ||    81
Throw: Throwing net      |       |     2 |     2 ||     4
Evoke: Wand              |       |       |     2 ||     2
  Use: Potion            |       |     1 |     8 ||     9
       Scroll            |       |       |    17 ||    17
Armor: Leather armour    |    60 |       |       ||    60
       Plate armour      |    15 |   193 |   187 ||   395
       Chain mail        |       |       |   259 ||   259
Dodge: Dodged            |    97 |    78 |   231 ||   406

Table legend: (Time is in decaauts)
 A = Elapsed time spent in this place.
 B = Non-inter-level travel time spent in this place.
 C = Inter-level travel time spent in this place.
 D = Time resting spent in this place.
 E = Time spent auto-exploring this place.
 F = Levels seen in this place.
 G = Mean time per level.
                   A        B        C        D        E       F      G
               +--------+--------+--------+--------+--------+-----+--------+
         Total |   8951 |   8709 |    242 |    853 |   6199 |  10 |  895.1 |
       Dungeon |   8872 |   8637 |    235 |    853 |   6157 |   9 |  985.8 |
        Temple |     78 |     71 |      7 |      0 |     42 |   1 |   78.0 |
               +--------+--------+--------+--------+--------+-----+--------+

Top non-repeatable levels by time:
     D:4: 1601 daAuts
     D:7: 1431 daAuts
     D:5: 1206 daAuts
     D:8: 1027 daAuts
     D:6: 1020 daAuts
     D:1: 879 daAuts
     D:3: 755 daAuts
     D:2: 574 daAuts
     D:9: 376 daAuts
  Temple: 78 daAuts
